 Dungeon Crawl Stone Soup version 0.18.1-48-g4cf74bf (webtiles) character file.

28 torvon the Magician (level 3, -6/19 HPs)
             Began as a Deep Elf Air Elementalist on Aug 6, 2016.
             Mangled by Crazy Yiuf
             ... wielding a +3 quarterstaff of chaos
              (11 damage)
             ... on level 2 of the Dungeon.
             The game lasted 00:06:53 (964 turns).

torvon the Magician (Deep Elf Air Elementalist)      Turns: 964, Time: 00:06:54

Health: -6/19      AC:  2    Str:  5    XL:     3   Next: 0%
Magic:  2/10       EV: 13    Int: 20    God:
Gold:   34         SH:  0    Dex: 15    Spells: 3 memorised, 3 levels left

rFire  . . .     SeeInvis .     e - +0 dagger
rCold  . . .     Gourm    .     o - +0 robe
rNeg   . . .     Faith    .     (no shield)
rPois  .         Spirit   .     (no helmet)
rElec  .         Dismiss  .     (no cloak)
rCorr  .         Reflect  .     (no gloves)
SustAt .         Harm     .     (no boots)
MR     .....                    (no amulet)
Stlth  +.........               (no ring)
                                r - ring of loudness (curse)

@: repel missiles, not resistant to hostile enchantments, very unstealthy
A: no striking features
a: no special abilities


You were on level 2 of the Dungeon.
You were not hungry.

You visited 1 branch of the dungeon, and saw 2 of its levels.

You collected 34 gold pieces.

Inventory:

Hand Weapons
 d - a +0 club
 e - a +0 dagger (weapon)
 k - a +0 club
 l - a +0 club
 m - a +0 dagger
 n - a +0 dagger
 p - a +0 short sword
 t - a +0 club
 u - a +0 club
 v - a +0 dagger
Missiles
 g - 19 stones (quivered)
Armour
 a - a +0 robe
 o - a +0 robe (worn)
 q - a +0 scale mail
Jewellery
 r - a cursed ring of loudness (left hand)
Potions
 i - a potion of beneficial mutation {unknown}
 j - a potion of invisibility {unknown}
Books
 b - a book of Air

   Spells                             Type                      Level
   a - Shock                          Conjuration/Air              1
   b - Swiftness                      Charms/Air                   2
   c - Repel Missiles                 Charms/Air                   2
   d - Static Discharge               Conjuration/Air              3
   e - Lightning Bolt                 Conjuration/Air              5
Comestibles
 c - a bread ration
 f - a slice of pizza
 h - 4 fruits


   Skills:
 + Level 3.2 Dodging
 + Level 2.5 Stealth
 + Level 3.5 Spellcasting
 + Level 1.2 Conjurations
 + Level 3.4 Air Magic


You had 3 spell levels left.
You knew the following spells:

 Your Spells              Type           Power        Failure   Level  Hunger
a - Shock                 Conj/Air       ##..         6%          1    None
b - Repel Missiles        Chrm/Air       ##....       12%         2    ##.....
c - Static Discharge      Conj/Air       ##......     17%         3    ###....


Dungeon Overview and Level Annotations

Branches:
Dungeon (2/15)

Altars:

Annotations:
D:2 Crazy Yiuf


Message History

Unknown command.
Unknown command.
Unknown command.
Casting: Shock
Confirm with . or Enter, or press ? or * to list all spells.
Crazy Yiuf is struck by lightning.
Crazy Yiuf is severely wounded.
The lightning arcs!
You are struck by lightning.
The lightning grounds out.
Crazy Yiuf hits you with a quarterstaff of chaos.
Crazy Yiuf freezes you.
Casting: Static Discharge
Confirm with . or Enter, or press ? or * to list all spells.
Crazy Yiuf is struck by lightning.
Crazy Yiuf is almost dead.
The lightning arcs!
You are struck by lightning.
* * * LOW HITPOINT WARNING * * *
The lightning grounds out.
Crazy Yiuf hits you with a quarterstaff of chaos!
Ouch! That really hurt!
You die...

#####
#..##...#
#...g@#
###..)#
#####


You could see Crazy Yiuf.

Vanquished Creatures
  A dart slug (D:1)
  2 giant geckos (D:1)
  A giant cockroach (D:1)
  4 goblins (D:1)
  2 hobgoblins (D:1)
  5 bats (D:1)
  3 giant newts (D:1)
  4 kobolds (D:1)
  A rat (D:1)
23 creatures vanquished.

Notes
Turn   | Place    | Note
--------------------------------------------------------------
     0 | D:1      | torvon the Deep Elf Air Elementalist began the quest for the Orb.
     0 | D:1      | Reached XP level 1. HP: 10/10 MP: 6/6
   225 | D:1      | Reached XP level 2. HP: 10/15 MP: 0/8
   467 | D:1      | Learned a level 2 spell: Repel Missiles
   693 | D:1      | Reached XP level 3. HP: 17/19 MP: 2/10
   943 | D:1      | Learned a level 3 spell: Static Discharge
   960 | D:2      | Noticed Crazy Yiuf
   964 | D:2      | Mangled by Crazy Yiuf

Skill      XL: |  1  2 |
---------------+-------+-----
Dodging        | 3 |  3.2
Stealth        | |  2.5
Spellcasting   | |  3.5
Conjurations   | |  1.2
Air Magic      | |  3.4

Action                   || total
-------------------------++-------
Melee: Dagger            ||    33
 Cast: Shock             ||    37
       Repel Missiles    ||     1
       Static Discharge  ||     2
  Use: Scroll            ||     1
Armor: Robe              ||    37
Dodge: Dodged            ||    73
